 Dungeon Crawl Stone Soup version 0.29-a0-334-gb41bcbb86e (webtiles) character file.

Game seed: 16636278617038344321

1 zishaf the Charlatan (level 1, -3/15 HPs)
             Began as a Human Wanderer on Apr 14, 2022.
             Slain by a kobold
             ... wielding a +0 short sword
              (5 damage)
             ... on level 1 of the Dungeon.
             The game lasted 00:00:30 (42 turns).

zishaf the Charlatan (Human Wanderer)                 Turns: 42, Time: 00:00:31

Health: -3/15      AC:  2    Str: 12    XL:     1   Next: 22%
Magic:  2/2        EV: 10    Int: 12    God:
Gold:   9          SH:  6    Dex: 12    Spells: 1/2 levels left

rFire   . . .      SeeInvis .   a - +0 club
rCold   . . .      Faith    .   e - +2 buckler
rNeg    . . .      Spirit   .   d - +0 robe
rPois   .          Reflect  .   (no helmet)
rElec   .          Harm     .   (no cloak)
rCorr   .          Rampage  .   (no gloves)
Will    .....                   (no boots)
Stlth   +.........              (no amulet)
HPRegen 0.05/turn               (no ring)
MPRegen 0.08/turn               (no ring)

@: no status effects
A: no striking features
a: no special abilities


You were on level 1 of the Dungeon.
You visited 1 branch of the dungeon, and saw 1 of its levels.

You collected 9 gold pieces.

Inventory:

Hand Weapons
 a - a +0 club (weapon)
Armour
 d - a +0 robe (worn)
 e - a +2 buckler (worn)
Wands
 b - a wand of flame (3)
Potions
 c - a potion of attraction


   Skills:
 + Level 1.0 Fighting
 - Level 1.0 Armour
 + Level 3.0 Shields
 - Level 1.0 Spellcasting
 - Level 1.0 Necromancy
 + Level 3.0 Evocations


You had one spell level left.
You knew the following spells:

 Your Spells              Type           Power      Damage    Failure   Level
a - Animate Skeleton      Necr           6%         N/A       26%         1

Your spell library contained the following spells:

 Spells                   Type           Power      Damage    Failure   Level
 Vampiric Draining        Necr           3%         2d6       61%         3


Dungeon Overview and Level Annotations

Branches:
Dungeon (1/15)

Altars:


Message History

Welcome, zishaf the Human Wanderer.
The transcendent Orb of Zot lies far below, as if waiting for you to find it.
Press ? for a list of commands and other information.
Found a staircase leading out of the dungeon.
You begin with the following items: a +0 club, a wand of flame (3), a potion of attraction, a +0 robe, a +2 buckler; and the following spell memorised: Animate Skeleton; and the following spells available to memorise: Vampiric Draining.
Found 22 stones.
Found a club.
You now have 9 gold pieces.
A goblin comes into view. It is wielding a +0 club.
Found a scroll labelled ZYOBBAHEULE.
The goblin shouts!
You hear a shout!
A kobold and a rat come into view.
Found a hat.
You hit the goblin.
The goblin is severely wounded.
A goblin comes into view. It is wielding a +0 club.
The goblin barely misses you.
The goblin shouts!
You hit the goblin.
You kill the goblin!
You closely miss the kobold.
The kobold hits you with a +0 short sword.
The kobold misses you.
You hit the rat but do no damage. You block the kobold's attack.
The rat bites you. The rat attacks as you move away! The rat barely misses you.
The kobold attacks as you move away!
The kobold hits you with a +0 short sword.
You barely miss the kobold. The kobold closely misses you. The rat bites you.
You hit the kobold.
The kobold is moderately wounded.
You block the kobold's attack. The rat barely misses you.
The rat closely misses you.
The kobold hits you with a +0 short sword.
* * * LOW HITPOINT WARNING * * *
Okay, then.
The kobold attacks as you move away!
The kobold hits you with a +0 short sword.
You die...

####..........#.
#.........!.....
#...............
#...#.........#
#.............#
###
##.#.#.....##.##
.#).###...g..#..##
.#
.....#...rK###..#
. #......#@###....
#.........##...##
...♣♣♣...♣♣♣#.#.#
.#♣♣.......♣♣....
♣♣.........♣♣.#.#
♣....♣.♣....♣
♣.....⌠.(...♣
#♣...♣.♣....♣
♣..........♣♣


You could see a goblin, a kobold and a rat.

Vanquished Creatures
  A goblin (D:1)
1 creature vanquished.

Notes
Turn   | Place    | Note
-------+----------+-------------------------------------------
     0 | D:1      | zishaf the Human Wanderer began the quest for the Orb.
     0 | D:1      | zishaf set off with the following items: a +0 club, a wand
                  | of flame (3), a potion of attraction, a +0 robe, a +2
                  | buckler; and the following spell memorised: Animate
                  | Skeleton; and the following spells available to memorise:
                  | Vampiric Draining
     0 | D:1      | Reached XP level 1. HP: 15/15 MP: 2/2
    42 | D:1      | Slain by a kobold

Illustrated notes

Levels and vault maps discovered:
D:1:      amcnicky_arrival_underground_garden, layout_rooms,
          nicolae_ecumenical_snake_handling, patterned_corridor

Action                   || total
-------------------------++-------
Melee: Club              ||     6
Dodge: Dodged            ||     6
Block: Buckler           ||     2

Table legend: (Time is in decaauts)
 A = Elapsed time spent in this place.
 B = Non-inter-level travel time spent in this place.
 C = Inter-level travel time spent in this place.
 D = Time resting spent in this place.
 E = Time spent auto-exploring this place.
 F = Levels seen in this place.
 G = Mean time per level.
                   A        B        C        D        E       F      G
               +--------+--------+--------+--------+--------+-----+--------+
         Total |     44 |     44 |      0 |      0 |     20 |   1 |   44.0 |
       Dungeon |     44 |     44 |      0 |      0 |     20 |   1 |   44.0 |
               +--------+--------+--------+--------+--------+-----+--------+

Top non-repeatable levels by time:
     D:1: 44 daAuts
